 Dungeon Crawl Stone Soup version 0.29.1-12-g30fa7ad0bf (webtiles) character file.

Game seed: 2444572044852568176

118298 suse60 the Warrior (level 15, -1/155 HPs)
             Began as a Demigod Fighter on Dec 22, 2022.
             Slain by a shock serpent (12 damage)
             ... on level 1 of the Snake Pit on Dec 26, 2022.
             The game lasted 03:08:38 (36794 turns).

suse60 the Warrior (Demigod Fighter)               Turns: 36794, Time: 03:08:38

Health: -1/155     AC: 26    Str: 34    XL:     15   Next: 77%
Magic:  0/18       EV: 12    Int: 10    God:
Gold:   913        SH:  8    Dex: 25    Spells: 11/14 levels left

rFire   + . .      SeeInvis +   o - +3 hand axe "Arbiter" {vorpal, rPois rC+ Str-5 SInv}
rCold   + . .      Faith    .   c - +2 buckler
rNeg    . . .      Spirit   .   l - +2 plate armour {rPois}
rPois   +          Reflect  .   A - +2 hat
rElec   +          Harm     .   L - +2 cloak {rF+}
rCorr   .          Rampage  .   D - +1 pair of gloves {infuse}
Will    ++...                   d - +1 pair of boots {Stlth+}
Stlth   ..........              G - amulet of Xuuskosh {Acrobat rElec rPois Will+}
HPRegen 0.35/turn               g - +6 ring of strength
MPRegen 0.16/turn               m - +6 ring of dexterity

@: lethally poisoned (-1 -> -5), about to teleport, marked, constricted,
studying Unarmed Combat
A: high MP 1, forlorn, divine attributes, horns 1, thin skeletal structure 1
a: no special abilities


You were on level 1 of the Snake Pit.
You visited 5 branches of the dungeon, and saw 24 of its levels.
You also visited: Volcano.

You collected 4128 gold pieces.
You spent 3215 gold pieces at shops.

Inventory:

Hand Weapons
 a - a +2 war axe of flaming
 o - the +3 hand axe "Arbiter" (weapon) {vorpal, rPois rC+ Str-5 SInv}
   (You found it on level 5 of the Lair of Beasts)

   It inflicts extra damage upon your enemies.
   Str:       It affects your strength (-5).
   rC:        It protects you from cold.
   rPois:     It protects you from poison.
   SInv:      It lets you see invisible.
Missiles
 e - 34 poisoned darts (quivered)
 s - 8 throwing nets
Armour
 c - a +2 buckler (worn)
 d - a +1 pair of boots of stealth (worn)
 l - a +2 plate armour of poison resistance (worn)
 A - a +2 hat (worn)
 D - a +1 pair of gloves of infusion (worn)
 L - a +2 cloak of fire resistance (worn)
Jewellery
 g - a +6 ring of strength (left hand)
 m - a +6 ring of dexterity (right hand)
 u - a ring of ice
 C - a ring of resist corrosion
 E - a ring of willpower
 G - the amulet of Xuuskosh (around neck) {Acrobat rElec rPois Will+}
   (You bought it in a shop on level 1 of the Orcish Mines)

   [amulet of the acrobat]

   It increases your evasion while moving and waiting.
   rElec:     It insulates you from electricity.
   rPois:     It protects you from poison.
   Will:      It increases your willpower.
Wands
 b - a wand of charming (13)
 f - a wand of iceblast (22)
 i - a wand of light (7)
 H - a wand of digging (6)
 P - a wand of flame (13)
Scrolls
 j - 4 scrolls of poison
 n - 4 scrolls of teleportation
 q - 2 scrolls of silence
 t - 6 scrolls of butterflies
 v - 4 scrolls of fear
 y - 5 scrolls of identify
 I - 5 scrolls of blinking
Potions
 h - 9 potions of haste
 k - 4 potions of brilliance
 p - 2 potions of ambrosia
 w - 2 potions of invisibility
 z - 3 potions of cancellation
 F - 2 potions of flight
 J - a potion of heal wounds
 M - a potion of resistance
Miscellaneous
 B - a piece from Xom's chessboard (15/15)


   Skills:
 - Level 20.1 Fighting
 + Level 5.5(8.5) Axes
 - Level 10.0(10.6) Maces & Flails
 - Level 7.1 Throwing
 - Level 10.0 Armour
 - Level 9.0 Dodging
 - Level 2.6 Shields


You had 11 spell levels left.
You knew the following spells:

 Your Spells              Type           Power      Damage    Failure   Level
a - Magic Dart            Conj           0%         1d3       96%         1
b - Poisonous Vapours     Pois/Air       0%         N/A       99%         2

Your spell library contained the following spells:

 Spells                   Type           Power      Damage    Failure   Level
 Blink                    Tloc           0%         N/A       99%         2
 Call Imp                 Summ           0%         N/A       99%         2
 Ensorcelled Hibernation  Hex/Ice        0%         N/A       99%         2
 Passwall                 Tmut/Erth      0%         N/A       99%         2
 Static Discharge         Conj/Air       0%         3-3/arc   99%         2
 Sublimation of Blood     Necr           0%         N/A       99%         2
 Frozen Ramparts          Ice            0%         1d1       100%        3
 Inner Flame              Hex/Fire       0%         N/A       100%        3
 Lesser Beckoning         Tloc           0%         N/A       100%        3
 Mephitic Cloud           Conj/Pois/Air  0%         N/A       100%        3
 Portal Projectile        Hex/Tloc       0%         N/A       100%        3
 Swiftness                Air            0%         N/A       100%        3
 Tukima's Dance           Hex            0%         N/A       100%        3
 Airstrike                Air            0%         2d(0-16)  100%        4
 Cause Fear               Hex            0%         N/A       100%        4
 Corpse Rot               Necr/Pois/Air  0%         N/A       100%        4
 Dispel Undead            Necr           0%         3d6       100%        4
 Ice Form                 Ice/Tmut       0%         N/A       100%        4
 Summon Ice Beast         Ice/Summ       0%         N/A       100%        4
 Summon Lightning Spire   Summ/Air       0%         N/A       100%        4
 Alistair's Intoxication  Tmut/Pois      0%         N/A       100%        5
 Blade Hands              Tmut           0%         N/A       100%        5
 Freezing Cloud           Conj/Ice/Air   0%         6-21      100%        5
 Lightning Bolt           Conj/Air       0%         1d11      100%        5
 Manifold Assault         Tloc           0%         N/A       100%        5
 Summon Forest            Summ/Tloc      0%         N/A       100%        5
 Death Channel            Necr           0%         N/A       100%        6
 Eringya's Noxious Bog    Tmut/Pois      0%         N/A       100%        6
 Simulacrum               Ice/Necr       0%         N/A       100%        6
 Storm Form               Tmut/Air       0%         N/A       100%        7
 Summon Hydra             Summ           0%         N/A       100%        7
 Discord                  Hex            0%         N/A       100%        8
 Maxwell's Capacitive Co  Air            0%         ∞         100%        8
 Necromutation            Tmut/Necr      0%         N/A       100%        8
 Polar Vortex             Ice            0%         N/A       100%        9


Dungeon Overview and Level Annotations

Branches:
Dungeon (15/15)            Temple (1/1) D:5            Lair (5/5) D:11
  Swamp (0/4) Lair:3        Snake (1/4) Lair:3        Slime (0/5) Lair:5
    Orc (2/2) D:9             Elf (0/3) Orc:2        Vaults (0/5) D:13
 Depths (0/4) D:15        Volcano (visited)

Shops:
D:5 *   Orc:1 =   Orc:2 [[([*?[*[

Portals:
Trove: D:15 (give +4 storm dragon scales)

Annotations:
Temple 4 transporters
Lair:3 2 transporters


Innate Abilities, Weirdness & Mutations

You have an increased reservoir of magic. (+10% MP)
You shall have no god before yourself.
Your divine heritage dramatically boosts your attributes as you level up.
You have a pair of small horns on your head.
You have a somewhat thin skeletal structure. (Dex +2, Stealth+)


Message History

The naga warrior hits you with a +0 dire flail!
* * * LOW HITPOINT WARNING * * *
The naga warrior constricts you.
* * * LOW HITPOINT WARNING * * *
The shock serpent bites you but does no damage.
You barely miss the naga warrior.
The naga warrior is almost dead.
You slash the shock serpent!
The shock serpent's electric aura discharges, shocking you!
You resist. The shock serpent bites you!
* * * LOW HITPOINT WARNING * * *
The shock serpent shocks you. You resist.
* * * LOW HITPOINT WARNING * * *
The naga warrior completely misses you. The naga warrior constricts you.
* * * LOW HITPOINT WARNING * * *
The naga warrior spits poison at you. The splash of poison misses you.
The shock serpent bites you!
* * * LOW HITPOINT WARNING * * *
The shock serpent shocks you. You resist.
* * * LOW HITPOINT WARNING * * *
You feel much better. The naga warrior spits poison at you.
The splash of poison hits you but does no damage.
You are poisoned.
You resist. The naga warrior constricts you.
* * * LOW HITPOINT WARNING * * *
The shock serpent bites you.
* * * LOW HITPOINT WARNING * * *
The shock serpent shocks you. You resist.
* * * LOW HITPOINT WARNING * * *
The naga ritualist mumbles some strange prayers to its god against you.
You resist with almost no effort.
You feel much better.
You feel sick. You block the shock serpent's attack.
The naga warrior hits you with a +0 dire flail!!
* * * LOW HITPOINT WARNING * * *
The naga warrior constricts you.
* * * LOW HITPOINT WARNING * * *
The naga ritualist spits poison at you. You block the splash of poison.
The shock serpent bites you!
You die...

. .. ##### ##### ...#
#...# #...##.#.#
#...####...#....=
.####.S....#........#
..N....@............#
.....N..N..#........#
.....##..........###
.###.....#.....#.#
##..>......#.####.##
##............N.....#
##......###.!........#
#
......#.###...##.....#
#.#...###...#.##....#
##.##


You could see 2 naga warriors, a naga ritualist (strong, catching breath) and a
shock serpent.

Vanquished Creatures
  An orc warlord (Orc:1)
  2 ettins
  9 hydras
  2 vault guards (D:13)
  Erolcha (Orc:2)
  2 ogre magi (Orc:2)
  2 anacondas (Snake:1)
  6 boulder beetles
  7 centaur warriors
  A death knight (D:14)
  2 catoblepae
  The ghost of specQQ the Earth Mage, a journeyman GrEE of Vehumet (D:11)
  12 two-headed ogres
  A naga warrior (Snake:1)
  A tengu warrior (D:15)
  9 death yaks (Lair:5)
  2 shock serpents
  Sonja (Lair:4)
  Lodul (D:11)
  3 deep trolls
  A goliath frog (Lair:4)
  2 wizards
  2 orc knights
  3 phantasmal warriors (D:14)
  A deep elf pyromancer (D:12)
  3 mana vipers (Snake:1)
  10 cyclopes
  5 necromancers
  A lindwurm (Lair:4)
  An ugly thing (D:11)
  An orc sorcerer (Orc:2)
  A salamander (Volcano)
  2 manticores
  14 elephants
  A torpor snail (Lair:5)
  A naga mage (Snake:1)
  13 black mambas
  A gargoyle (D:9)
  19 cane toads
  2 unseen horrors
  3 kobold demonologists
  3 rime drakes (Lair:3)
  12 komodo dragons
  A freezing wraith (D:15)
  19 trolls
  2 polar bears
  3 hornets
  6 meliai
  4 tyrant leeches (Lair:5)
  A hornet (shapeshifter) (D:15)
  10 slime creatures (D:12)
  5 dream sheep (Lair:4)
  Grinder (D:5)
  36 blink frogs
  2 vampires
  19 humans (D:13)
  3 fire bats (Volcano)
  A wraith (D:9)
  Grum (D:7)
  4 basilisks
  2 steam dragons
  34 yaks
  Edmund (D:6)
  4 wargs
  12 vampire mosquitoes
  2 two-headed ogre zombies (D:9)
  4 nagas
  3 acid dragons
  Duvessa (D:5)
  17 water moccasins
  21 orc warriors
  A swamp drake (Lair:3)
  4 black bears
  5 ice beasts
  23 ogres
  25 wolves
  16 centaurs
  2 phantoms (D:9)
  Blork the orc (D:5)
  3 kobold brigands
  2 gnoll sergeants (D:7)
  19 bullfrogs
  4 scorpions
  19 wights
  Dowan (D:5)
  9 killer bees
  6 howler monkeys
  10 jellies
  13 hounds
  21 orc priests
  Crazy Yiuf (D:5)
  4 gnoll boudas
  Ijyb (D:5)
  11 iguanas
  24 orc wizards
  6 ogre zombies (D:9)
  32 gnolls
  12 adders
  A shadow imp (D:6)
  2 white imps (D:7)
  A worm (D:3)
  2 dart slugs
  76 orcs
  4 bats
  11 endoplasms
  3 giant cockroaches
  10 goblins
  8 hobgoblins
  9 jackals
  24 kobolds
  3 quokkas
  7 ball pythons
  3 frilled lizards
  A goblin skeleton (D:9)
  3 goblin zombies (D:9)
  A hobgoblin skeleton (D:9)
  2 hobgoblin zombies (D:9)
  4 orc skeletons (D:9)
  14 orc zombies (D:9)
  9 rats
860 creatures vanquished.

Vanquished Creatures (collateral kills)
  A yak (Lair:1)
  A basilisk (Lair:1)
2 creatures vanquished.

Vanquished Creatures (others)
  A yak (D:8)
  An orc wizard (Orc:1)
  A gnoll (D:8)
  An orc (Orc:2)
  114 fungi
  158 plants
276 creatures vanquished.

Grand Total: 1138 creatures vanquished

Notes
Turn   | Place    | Note
-------+----------+-------------------------------------------
     0 | D:1      | suse60 the Demigod Fighter began the quest for the Orb.
     0 | D:1      | Reached XP level 1. HP: 18/18 MP: 3/3
   104 | D:1      | Reached skill level 3 in Fighting
   119 | D:1      | Reached XP level 2. HP: 13/26 MP: 4/4
   971 | D:2      | Reached XP level 3. HP: 31/31 MP: 5/5
  1326 | D:2      | Identified the +5 mace "Fewaiqai" {vorpal, rF++ Int+4}
  1516 | D:3      | Reached XP level 4. HP: 36/40 MP: 6/6
  1709 | D:3      | Reached skill level 1 in Maces & Flails
  1777 | D:3      | Reached skill level 4 in Fighting
  2502 | D:4      | Reached XP level 5. HP: 46/46 MP: 7/7
  2868 | D:4      | Reached skill level 5 in Fighting
  2868 | D:4      | Reached XP level 6. HP: 24/56 MP: 8/8
  3451 | D:4      | Learned a level 1 spell: Magic Dart
  3524 | D:4      | Gained mutation: Potions are less effective at restoring
                  | your health. [potion of mutation]
  3524 | D:4      | Gained mutation: Your spells are a little harder to cast,
                  | but a little more powerful. [potion of mutation]
  3525 | D:4      | Lost mutation: Your spells are a little harder to cast, but
                  | a little more powerful. [potion of mutation]
  3525 | D:4      | Lost mutation: Potions are less effective at restoring your
                  | health. [potion of mutation]
  3525 | D:4      | Gained mutation: You have a somewhat thin skeletal
                  | structure. (Dex +2, Stealth+) [potion of mutation]
  3525 | D:4      | Gained mutation: You have a pair of small horns on your
                  | head. [potion of mutation]
  3529 | D:5      | Entered Level 5 of the Dungeon
  3573 | D:5      | Noticed Blork the orc
  3587 | D:5      | Killed Blork the orc
  3588 | D:5      | Found a staircase to the Ecumenical Temple.
  3599 | Temple   | Entered the Ecumenical Temple
  3693 | Temple   | Found a transporter.
  3693 | Temple   | Found a transporter.
  3695 | Temple   | Found a transporter.
  3695 | Temple   | Found a transporter.
  3825 | D:5      | Reached XP level 7. HP: 62/62 MP: 9/9
  3826 | D:5      | Identified the +4 whip of the Candelabrum {antimagic, rF+
                  | rN+ Str-4}
  3832 | D:5      | Noticed Ijyb
  3841 | D:5      | Killed Ijyb
  3901 | D:5      | Noticed Duvessa
  3901 | D:5      | Noticed Dowan
  3913 | D:5      | Killed Duvessa
  3914 | D:5      | Reached skill level 6 in Fighting
  3917 | D:5      | Killed Dowan
  4093 | D:5      | Reached skill level 5 in Maces & Flails
  4151 | D:5      | Found Foamoa Onni's Elemental Accessories.
  4353 | D:5      | Noticed Grinder
  4389 | D:5      | Paralysed by Grinder for 4 turns
  4396 | D:5      | Killed Grinder
  4397 | D:5      | Reached skill level 7 in Fighting
  4397 | D:5      | Reached XP level 8. HP: 67/73 MP: 10/10
  4496 | D:5      | Found a runed translucent door.
  4497 | D:5      | Noticed Crazy Yiuf
  4658 | D:5      | Killed Crazy Yiuf
  4711 | D:6      | Reached skill level 1 in Dodging
  5243 | D:6      | Reached skill level 5 in Dodging
  5340 | D:6      | Noticed Edmund
  5354 | D:6      | Killed Edmund
  5701 | D:6      | Reached XP level 9. HP: 79/79 MP: 11/11
  7342 | D:7      | Reached skill level 8 in Fighting
  7372 | D:7      | Noticed Grum
  7393 | D:7      | Killed Grum
  7617 | D:8      | Reached XP level 10. HP: 72/90 MP: 13/13
  7643 | D:8      | Reached skill level 9 in Fighting
  8868 | D:9      | Reached skill level 10 in Fighting
  9638 | D:9      | Noticed a two-headed ogre
  9646 | D:9      | Killed a two-headed ogre
  9764 | D:9      | Found a staircase to the Orcish Mines.
 10264 | D:10     | Entered Level 10 of the Dungeon
 11445 | D:10     | Learned a level 2 spell: Poisonous Vapours
 11562 | D:11     | Reached XP level 11. HP: 64/99 MP: 14/14
 11809 | D:11     | Noticed Lodul
 11840 | D:11     | Killed Lodul
 11921 | D:11     | Found a staircase to the Lair.
 12248 | D:11     | Reached skill level 10 in Maces & Flails
 12509 | D:11     | Noticed a seven-headed hydra
 12526 | D:11     | Killed a four-headed hydra
 12527 | D:11     | Reached skill level 5 in Armour
 13103 | D:11     | Found a runed translucent gate.
 13103 | D:11     | Found a runed translucent gate.
 13104 | D:11     | Found a runed translucent gate.
 13105 | D:11     | Noticed specQQ's ghost (journeyman GrEE)
 13106 | D:11     | Identified the +4 chain mail of the Great Game {rC+ Int+5}
 13275 | Lair:1   | Entered Level 1 of the Lair of Beasts
 13630 | Lair:1   | You fall into a shaft and drop 1 floor!
 13663 | Lair:2   | Noticed a catoblepas
 13683 | Lair:1   | Killed a catoblepas
 15626 | Lair:2   | Reached XP level 12. HP: 104/106 MP: 15/15
 15745 | Lair:2   | Reached skill level 10 in Armour
 16751 | Lair:3   | Noticed a six-headed hydra
 16766 | Lair:2   | Killed a one-headed hydra
 16976 | Lair:2   | Reached skill level 11 in Fighting
 17120 | Lair:3   | Found a transporter.
 17218 | Lair:3   | Found a transporter.
 17352 | Lair:3   | Noticed an eight-headed hydra
 17363 | Lair:3   | Killed a four-headed hydra
 17645 | Lair:3   | Noticed a five-headed hydra
 17654 | Lair:3   | Killed a two-headed hydra
 17655 | Lair:3   | Reached skill level 12 in Fighting
 17844 | Lair:3   | Found a staircase to the Snake Pit.
 18384 | Lair:3   | Found a staircase to the Swamp.
 18769 | Lair:4   | Found a dark tunnel.
 18778 | Volcano  | Entered a volcano
 18936 | Volcano  | Noticed a two-headed ogre
 18962 | Volcano  | Killed a two-headed ogre
 19456 | Lair:4   | Reached skill level 13 in Fighting
 19520 | Lair:4   | Noticed Sonja
 19539 | Lair:4   | Killed Sonja
 19540 | Lair:4   | Reached XP level 13. HP: 61/122 MP: 16/16
 20551 | Lair:4   | Reached skill level 14 in Fighting
 22339 | Lair:5   | Entered Level 5 of the Lair of Beasts
 22356 | Lair:5   | Reached skill level 15 in Fighting
 23218 | Lair:5   | Reached skill level 16 in Fighting
 24094 | Lair:5   | Reached XP level 14. HP: 125/138 MP: 17/17
 24204 | Lair:5   | Reached skill level 17 in Fighting
 24586 | Lair:5   | Identified the +3 hand axe "Arbiter" {vorpal, rPois rC+
                  | Str-5 SInv}
 24590 | Lair:5   | Found a staircase to the Slime Pits.
 25607 | D:11     | Killed specQQ's ghost
 25867 | Orc:1    | Entered Level 1 of the Orcish Mines
 25898 | Orc:1    | Found Lemacom's Jewellery Boutique.
 25923 | Orc:1    | Bought the amulet of Xuuskosh {Acrobat rElec rPois Will+}
                  | for 538 gold pieces
 26093 | Orc:2    | Entered Level 2 of the Orcish Mines
 26093 | Orc:2    | Noticed an orc warlord
 26117 | Orc:1    | Killed an orc warlord
 26352 | Orc:1    | Reached skill level 18 in Fighting
 26540 | Orc:2    | Found a staircase to the Elven Halls.
 26799 | Orc:2    | Found Axonom's General Store.
 26807 | Orc:2    | Found Vaninat's Antique Armour Shop.
 27306 | Orc:2    | Identified a scroll of acquirement
 27517 | Orc:2    | Bought a spiked plate armour for 644 gold pieces
 27517 | Orc:2    | Identified the +12 plate armour of the Constellations {rF+}
                  | (You bought it in a shop on level 2 of the Orcish Mines)
 27624 | Orc:2    | Found Cestrucro's Antique Armour Shoppe.
 27680 | Orc:2    | Bought a pair of runed boots for 300 gold pieces
 27892 | Orc:2    | Found Dailear's Antique Armour Emporium.
 27973 | Orc:1    | Noticed Erolcha
 28005 | Orc:2    | Killed Erolcha
 28277 | Orc:1    | Reached skill level 19 in Fighting
 28698 | Orc:2    | Found Cuqa's Armour Shop.
 28711 | Orc:2    | Found Quatetiacoq's Armour Boutique.
 28712 | Orc:2    | Found Ubiad's General Store.
 28727 | Orc:2    | Found Raguowel's Antique Weapon Boutique.
 28730 | Orc:2    | Bought a scroll of enchant armour for 97 gold pieces
 29113 | Orc:2    | Found Xifixuno's Magic Scroll Shoppe.
 29121 | Orc:2    | Bought a scroll of blinking for 97 gold pieces
 29121 | Orc:2    | Bought a scroll of teleportation for 39 gold pieces
 29174 | Orc:2    | Bought a scroll of poison for 52 gold pieces
 30372 | D:12     | Reached XP level 15. HP: 131/152 MP: 9/18
 30844 | D:13     | Got the Catalogue of Mortuary Toxicity
 31469 | D:13     | Reached skill level 20 in Fighting
 31576 | D:13     | Found a gate to the Vaults.
 31604 | D:13     | Reached skill level 1 in Throwing
 32926 | D:14     | Reached skill level 5 in Throwing
 33474 | D:15     | Entered Level 15 of the Dungeon
 33892 | D:15     | Found a staircase to the Depths.
 34444 | D:15     | Found a portal to a secret trove of treasure.
 34513 | D:15     | Acquired 1013 gold pieces
 35109 | Orc:2    | Bought the +9 flail "Killer Bee's Peril" {flame, Contam
                  | Str+4 Dex+3 SInv} for 930 gold pieces
 35338 | Orc:2    | Bought a +2 plate armour of poison resistance for 518 gold
                  | pieces
 35536 | Snake:1  | Entered Level 1 of the Snake Pit
 36405 | Snake:1  | Reached skill level 5 in Axes
 36792 | Snake:1  | HP: 7/155 [shock serpent (13)]
 36794 | Snake:1  | Slain by a shock serpent

Illustrated notes

Levels and vault maps discovered:
D:1:      sevenhm_arrival_forest_fort_small_3, layout_rooms,
          basic_ecumenical_altar, chequers_decorated_corner, st_stairs_4,
          minmay_distorted
D:2:      layout_basic
D:3:      layout_basic, grunt_temple_overflow_bloody_war, minmay_joined_circles
D:4:      layout_loops_ring
D:5:      layout_loops_cross, nicolae_overflow_hallway_of_the_gods,
          minmay_temple_entry_tees, nicolae_elemental_shop, uniq_duvessa,
          uniq_crazy_yiuf_cottage, uniq_blork_the_orc, uniq_grinder, uniq_ijyb
D:6:      layout_gridville, minmay_manual_mandibuliform, uniq_edmund
D:7:      layout_cave_pools, mainiacjoe_overflow_surrounded_room,
          lemuel_round_altar, serial_gnoll_camp, gnoll_camp_medium_02,
          gnoll_camp_mini_basic, gnoll_camp_mini_doghouse, grums_kennel
D:8:      layout_basic
D:9:      cheibrodos_helix_gallery, layout_stronghold,
          mainiacjoe_overflow_alcove_4, lightli_temple_of_fire,
          zombieorc2_lemuel, uniq_grum
D:10:     layout_grid_maze, lemuel_crystal_altar
D:11:     layout_loops_cross, due_lair_maze_entry_diamond,
          biasface_ghost_orc_armoury, nicolae_hepliaklqana_hazy_memory,
          uniq_lodul
D:12:     layout_roguey
D:13:     layout_roguey, grunt_vaults_entry_tiered
D:14:     layout_grid_maze
D:15:     hangedman_depths_entry_civil_slaughter, layout_basic, enter_trove_0
Temple:   hellmonk_temple_divided_pantheon
Lair:1:   layout_cave_pods
Lair:2:   layout_cave_pods
Lair:3:   gammafunk_cloud_chamber, layout_regular_city,
          minmay_swamp_entry_reptiles, guppyfry_snake_entry_garden,
          grunt_megastairs_4
Lair:4:   layout_layer_cave, nicolae_volcano_entry_vermiform,
          minmay_shattered_shrine, uniq_sonja
Lair:5:   minmay_lair_end_frog_pond, layout_long_grid,
          minmay_slime_entry_pillars
Snake:1:  layout_misc_corridors, nicolae_snake_serpentine_bazaar
Orc:1:    layout_diamond_mine, serial_shops, shop, uniq_erolcha
Orc:2:    st_orc_open, layout_caves, serial_shops, shop,
          nicolae_shop_temple_entry_statues_fountains,
          nicolae_shop_advertising_works [nicolae_subvault_shop_adworks], shop,
          nicolae_shop_hallway_stairs

Skill      XL: |  1  2  3  4  5  6  7  8  9 10 11 12 13 14 15 |
---------------+----------------------------------------------+-----
Axes           | 2 3 5 |  5.5
Fighting       | 3 4 5 7 8 10 13 16 19 20 | 20.1
Maces & Flails | 1 3 4 5 8 10 | 10.0
Dodging        | 6 9 |  9.0
Armour         | 9 10 | 10.0
Throwing       | 7 |  7.1
Shields        | |  2.6

Action                   |  1- 3 |  4- 6 |  7- 9 | 10-12 | 13-15 || total
-------------------------+-------+-------+-------+-------+-------++-------
Melee: War axe           |   105 |       |       |    23 |    33 ||   161
       Mace              |     8 |   121 |   302 |   768 |  1444 ||  2643
       Headbutt          |       |     6 |    62 |   193 |   436 ||   697
       Hand axe          |       |       |       |       |   104 ||   104
Throw: Dart              |       |     4 |     7 |     6 |    15 ||    32
Evoke: Wand              |       |       |     9 |    32 |    18 ||    59
  Use: Scroll            |     4 |    11 |     4 |    14 |     9 ||    42
       Potion            |       |     2 |       |     6 |     4 ||    12
 Stab: Sleeping          |       |     1 |     2 |       |     1 ||     4
       Distracted        |       |       |     1 |     4 |     1 ||     6
       Invisible         |       |       |     1 |     2 |     3 ||     6
Armor: Scale mail        |    44 |    41 |    75 |   112 |   159 ||   431
       Chain mail        |       |       |       |   158 |    73 ||   231
       Skin              |       |       |       |     7 |       ||     7
       Plate armour      |       |       |       |       |   418 ||   418
Dodge: Dodged            |    50 |    37 |   130 |   559 |  1036 ||  1812
Block: Buckler           |    25 |    33 |    73 |   328 |   624 ||  1083
